 Dungeon Crawl Stone Soup version 0.31-a0-187-gba352fbbf7 (webtiles) character file.

Game seed: 5367416800737841401

30 qw the Shooter (level 3, -3/20 HPs)
             Began as a Deep Elf Hunter on June 22, 2023.
             Slain by a hobgoblin
             ... wielding a +0 mace
              (5 damage)
             ... on level 2 of the Dungeon.
             The game lasted 00:00:19 (1158 turns).

qw the Shooter (Deep Elf Hunter)                    Turns: 1158, Time: 00:00:20

Health: -3/20      AC:  3    Str: 10    XL:     3   Next: 3%
Magic:  5/5        EV: 12    Int: 13    God:
Gold:   70         SH:  0    Dex: 18    Spells: 2/2 levels left

rFire   . . .        Y - +0 shortbow
rCold   . . .        (shield currently unavailable)
rNeg    . . .        c - +0 leather armour
rPois   .            (no helmet)
rElec   .            (no cloak)
rCorr   .            (no gloves)
SInv    .            (no boots)
Will    .....        (no amulet)
Stlth   ++           (no ring)
HPRegen 0.23/turn    (no ring)
MPRegen 0.09/turn

%: no passive effects
@: no status effects
A: no striking features
a: no special abilities


You were on level 2 of the Dungeon.
You visited 1 branch of the dungeon, and saw 2 of its levels.

You collected 70 gold pieces.


   Skills:
 - Level 1.5 Fighting
 + Level 6.6 Ranged Weapons
 - Level 2.4 Dodging
 - Level 1.2 Stealth


You had 2 spell levels left.
You didn't know any spells.
Your spell library was empty.

Inventory:

Hand Weapons
 Y - a +0 shortbow (weapon)
Armour
 c - a +0 leather armour (worn)
 d - a +0 pair of boots
Scrolls
 a - a scroll of vulnerability {unknown}
 b - a scroll of revelation {unknown}
Potions
 e - a potion of might {unknown}
 h - a potion of resistance {unknown}

Dungeon Overview and Level Annotations

Branches:
Dungeon (2/15)

Altars:
Nemelex Xobeh


Message History

Found a whip.
Enter note: You now have 70 gold pieces (gained 6).
A dart slug comes into view.
Enter note: You shoot an arrow.
The arrow hits the dart slug.
The dart slug is moderately wounded.
The dart slug launches a dart at you. The slug dart hits you.
You shoot an arrow. The arrow hits the dart slug!
You kill the dart slug!
A hobgoblin comes into view. It is wielding a +0 mace.
You have reached level 3!
Your experience leads to an increase in your attributes!
Increase (S)trength, (I)ntelligence, or (D)exterity?
You feel stronger. x2
You shoot an arrow. The arrow closely misses the hobgoblin.
The hobgoblin shouts!
You shoot an arrow.
The arrow hits the hobgoblin but does no damage.
You shoot an arrow. The arrow hits the hobgoblin.
The hobgoblin is moderately wounded.
You shoot an arrow. The arrow barely misses the hobgoblin.
You shoot an arrow. The arrow barely misses the hobgoblin.
You shoot an arrow. The arrow barely misses the hobgoblin.
The hobgoblin hits you with a +0 mace!
You shoot an arrow. The arrow hits the hobgoblin.
The hobgoblin is moderately wounded.
The hobgoblin barely misses you.
You shoot an arrow.
The arrow hits the hobgoblin but does no damage.
The hobgoblin is moderately wounded.
The hobgoblin hits you with a +0 mace!
You shoot an arrow. The arrow barely misses the hobgoblin.
The hobgoblin hits you with a +0 mace.
You shoot an arrow.
The arrow hits the hobgoblin but does no damage.
The hobgoblin is moderately wounded.
The hobgoblin hits you with a +0 mace. x2
You die...

#...#.# .# #...#
####.#
.######..#####....####
#....##...............
.# #...#.#####.##.####
.# #.....# #.# .# .#
#...### #.##.# .#
#..## #....# .###..#
###@g# #.....#
#........ #.###.#
#.####### #.# #%# #.#
#.# #.# #.# #.# #.#
#.# ..# ... #.# ###
#.# ..# # #..


You could see a hobgoblin.

Vanquished Creatures
  A worm (D:2)
  3 dart slugs
  3 endoplasms
  A giant cockroach (D:1)
  4 goblins
  2 kobolds
  3 ball pythons
  3 frilled lizards
20 creatures vanquished.

Notes
Turn   | Place    | Note
-------+----------+-------------------------------------------
     0 | D:1      | qw the Deep Elf Hunter began the quest for the Orb.
     0 | D:1      | Reached XP level 1. HP: 12/12 MP: 3/3
     0 | D:1      | 0 ||| qw: Version: 0.3-a-9-g12657ce
     0 | D:1      | 0 ||| qw: Game counter: 2191
     0 | D:1      | 0 ||| qw: Always use a shield: true
     0 | D:1      | 0 ||| qw: God list: Okawaru
     0 | D:1      | 0 ||| qw: Allow faded altars: false
     0 | D:1      | 0 ||| qw: Do Orc after D:15 true
     0 | D:1      | 0 ||| qw: Do second Lair branch before Depths: true
     0 | D:1      | 0 ||| qw: Lair rune preference: random
     0 | D:1      | 0 ||| qw: Plans: Normal
     0 | D:1      | 0 ||| PLANNING D:1-11
   365 | D:1      | Reached skill level 6 in Ranged Weapons
   365 | D:1      | Reached XP level 2. HP: 16/16 MP: 4/4
   866 | D:1      | 866 ||| READING scroll labelled ZEWAW IFITUCW.
   867 | D:1      | 867 ||| READING scroll labelled VOIDDI KULAO.
   868 | D:1      | 868 ||| READING scroll labelled OBBASU SAF RAL.
   869 | D:1      | 869 ||| DROPPING scroll of butterflies.
  1087 | D:2      | Found a sparkling altar of Nemelex Xobeh.
  1149 | D:2      | Reached XP level 3. HP: 20/20 MP: 5/5
  1156 | D:2      | HP: 5/20 [hobgoblin/+0 mace (8)]
  1158 | D:2      | HP: 2/20 [hobgoblin/+0 mace (1)]
  1158 | D:2      | Slain by a hobgoblin

Levels and vault maps discovered:
D:1:      dpeg_arrival_boxes_within_box, layout_basic
D:2:      layout_loops_ring, basic_altar

Skill      XL: |  1 |
---------------+----+-----
Ranged Weapons | 6 |  6.6
Fighting       | |  1.5
Dodging        | |  2.4
Stealth        | |  1.2

Action                     || total
---------------------------++-------
   Fire: Shortbow          ||    78
    Use: Scroll            ||     3
 Armour: Leather armour    ||     4
  Dodge: Dodged            ||    11

Table legend:
 A = Non-vault XP
 B = Vault XP
 C = Vault XP percentage of total XP
 D = Non-vault monster count
 E = Vault monster count
 F = Vault count percentage of total count
                 A         B        C        D         E       F
            +---------+---------+-------+---------+---------+-------
      Total |      43 |       0 |   0.0 |      20 |       0 |   0.0
            +---------+---------+-------+---------+---------+-------
        D:1 |      20 |       0 |   0.0 |      10 |       0 |   0.0
        D:2 |      23 |       0 |   0.0 |      10 |       0 |   0.0
            +---------+---------+-------+---------+---------+-------
